 Dungeon Crawl Stone Soup version 0.22-a0-803-gd6d8abe (webtiles) character file.

44 Omega the Skirmisher (level 3, 0/30 HPs)
             Began as a Demonspawn Abyssal Knight on July 22, 2018.
             Was a Follower of Lugonu.
             Succumbed to an adder's poison
             ... on level 2 of the Dungeon.
             The game lasted 00:03:17 (1288 turns).

Omega the Skirmisher (Demonspawn Abyssal Knight)    Turns: 1288, Time: 00:03:18

Health: 0/30       AC:  3    Str: 13    XL:     3   Next: 39%
Magic:  4/4        EV: 11    Int: 13    God:    Lugonu [*.....]
Gold:   31         SH:  0    Dex: 14    Spells: 2/2 levels left

rFire    . . .     SeeInvis .   a - +1 mace
rCold    . . .     Gourm    .   (no shield)
rNeg     . . .     Faith    .   b - +0 leather armour
rPois    .         Spirit   .   (helmet restricted)
rElec    .         Reflect  .   (no cloak)
rCorr    .         Harm     .   (no gloves)
MR       .....                  (no boots)
Stlth    ++........             (no amulet)
HPRegen  0.10/turn              (no ring)
MPRegen  0.09/turn              (no ring)

@: lethally poisoned (0 -> -5)
A: antennae 1, thin skeletal structure 1
a: Depart the Abyss, Renounce Religion


You were on level 2 of the Dungeon.
You worshipped Lugonu.
Lugonu was aware of your devotion.
You were not hungry.

You visited 1 branch of the dungeon, and saw 2 of its levels.
You visited the Abyss 1 time.

You collected 31 gold pieces.

Inventory:

Hand Weapons
 a - a +1 mace (weapon)
Armour
 b - a +0 leather armour (worn)
Wands
 j - a wand of scattershot (4)
Scrolls
 e - 2 scrolls of fog {unknown}
 f - 3 scrolls of remove curse {unknown}
 g - a scroll of magic mapping {unknown}
 h - 2 scrolls of teleportation {unknown}
 i - a scroll of immolation {unknown}
Potions
 d - a potion of degeneration {unknown}
Comestibles
 c - 5 rations


   Skills:
 + Level 3.7 Fighting
 + Level 2.3 Maces & Flails
 + Level 1.9 Armour
 + Level 1.1 Dodging
 + Level 0.3 Stealth
 + Level 2.6 Invocations


You had 2 spell levels left.
You didn't know any spells.
Your spell library was empty.

Dungeon Overview and Level Annotations

Branches:
Dungeon (2/15)

Altars:


Innate Abilities, Weirdness & Mutations

You have a pair of small antennae on your head.
You have a somewhat thin skeletal structure. (Dex +2, Stealth)


Message History

You are lethally poisoned!
The adder poisons you!
You barely miss the adder.
The adder is severely wounded.
The adder bites you.
* * * LOW HITPOINT WARNING * * *
The adder barely misses you.
You hit the adder.
You kill the adder!
Lugonu accepts your kill.
* * * LOW HITPOINT WARNING * * *
You feel sick.
There is a lethal amount of poison in your body!
There is a lethal amount of poison in your body!
* * * LOW HITPOINT WARNING * * *
You feel sick.
Unknown command.
There is a lethal amount of poison in your body!
There is a lethal amount of poison in your body!
You die...

...# #.........#######
...# #..>.....$.<....#
...# #...............#
...# #..............(#
...# ##.....†........#
...# #...............#
...# #.........#.#####
.#.## #...........#
##..####.....!$.@###
###.#............#
..#.............##
#.#.....<......#### ##.
#...<........÷....# ...
...#..............# ..###
#..##.)...........##.#...
#.............)........#
#..#......)..........#


There were no monsters in sight!

Vanquished Creatures
  2 adders (D:2)
  A worm (D:2)
  A dart slug (D:1)
  A leopard gecko (D:2)
  7 goblins
  3 hobgoblins
  A ball python (D:1)
  2 frilled lizards (D:1)
  2 rats
20 creatures vanquished.

Notes
Turn   | Place    | Note
-------+----------+-------------------------------------------
     0 | Abyss:1  | Omega the Demonspawn Abyssal Knight began the quest for the Orb.
     0 | Abyss:1  | Reached XP level 1. HP: 18/18 MP: 2/2
     0 | D:1      | Escaped the Abyss
   228 | D:1      | Gained mutation: You have a somewhat thin skeletal structure. (Dex +2, Stealth) [demonic ancestry]
   228 | D:1      | Reached XP level 2. HP: 17/24 MP: 3/3
   630 | D:1      | Reached * piety under Lugonu
  1013 | D:2      | Reached skill level 1 in Dodging
  1087 | D:2      | Gained mutation: You have a pair of small antennae on your head. [demonic ancestry]
  1087 | D:2      | Reached XP level 3. HP: 22/30 MP: 4/4
  1285 | D:2      | HP: 1/30 [poisoned by an adder]
  1288 | D:2      | Succumbed to an adder's poison

Vault maps used:
D:1:      mrwooster_arrival_statue_3
D:2:      first_ration, minmay_misc_feat_alley

Skill      XL: |  1  2 |
---------------+-------+-----
Maces & Flails | 2 |  2.3
Dodging        | 1 |  1.1
Fighting       | |  3.7
Armour         | |  1.9
Stealth        | |  0.3
Invocations    | |  2.6

Action                   || total
-------------------------++-------
Melee: Mace              ||    64
Invok: Depart the Abyss  ||     1
 Stab: Sleeping          ||     5
  Eat: Ration            ||     1
Armor: Leather armour    ||    11
Dodge: Dodged            ||    50

Table legend:
 A = Spawn XP
 B = Non-spawn XP
 C = Spawn XP percentage of total XP
 D = Spawn monster count
 E = Non-spawn monster count
 F = Spawn count percentage of total count
 G = Total turns spent on level
                    A         B        C        D         E        F      G
               +---------+---------+-------+---------+---------+-------+---------
         Total |       0 |      63 |   0.0 |       0 |      20 |   0.0 |  1288
               +---------+---------+-------+---------+---------+-------+---------
           D:1 |       0 |      20 |   0.0 |       0 |      11 |   0.0 |  1003
           D:2 |       0 |      43 |   0.0 |       0 |       9 |   0.0 |   285
               +---------+---------+-------+---------+---------+-------+---------
